Map: Ulrena

Players

Rodzyn - Winner!

  • Race: Protoss Protoss
  • League: Grandmaster

Miszu

  • Race: Terran Terran
  • League: Master

VOD

Have the link to the VOD?

Description

Time

  • Played on: March 11, 2016, 2:53 p.m.
  • Length: 6:07
Show
View Real Time Build Order
Export as new Build Order

Rodzyn Protoss - Winner!

Build Orders: 1 Gate Expand, Phoenix Opening 

Get SALT Encoding   

  12  0:01  Probe (Chrono Boost)  
  13  0:11  Probe (Chrono Boost)  
  14  0:17  Pylon  
  14  0:23  Probe (Chrono Boost)  
  15  0:36  Probe (Chrono Boost)  
  15  0:38  Gateway  
  16  0:46  Probe (Chrono Boost)  
  16  0:47  Assimilator  
  18  0:57  Probe (Chrono Boost)  
  18  1:07  Probe (Chrono Boost)  
  19  1:24  Nexus  
  19  1:36  Cybernetics Core  
  19  1:40  Probe (Chrono Boost)  
  20  1:48  Assimilator  
  20  1:51  Probe (Chrono Boost)  
  21  1:55  Pylon  
  21  2:02  Probe (Chrono Boost)  
  22  2:13  Adept (Chrono Boost), Probe (Chrono Boost)  
  25  2:20  Stargate  
  25  2:28  Warp Gate  
  25  2:31  Pylon  
  25  2:41  Mothership Core, Probe  
  28  2:53  Adept (Chrono Boost), Probe  
  31  3:01  Probe  
  32  3:05  Probe  
  32  3:07  Phoenix (Chrono Boost)  
  32  3:11  Probe  
  36  3:23  Adept  
  38  3:29  Phoenix (Chrono Boost)  
  38  3:32  Gateway  
  40  3:40  Probe  
  41  3:54  Probe  
  36  4:16  Phoenix (Chrono Boost)  
  38  4:17  Probe  
  38  4:18  Probe  
  40  4:27  Probe  
  40  4:30  Probe  
  42  4:36  Adept x2  
  42  4:38  Phoenix (Chrono Boost), Probe  
  48  4:42  Pylon, Probe  
  50  4:48  Probe  
  51  4:54  Probe  
  51  4:59  Probe  
  52  5:00  Phoenix (Chrono Boost)  
  52  5:06  Probe  
  56  5:09  Probe  
  57  5:18  Probe  
  57  5:20  Probe  
  57  5:21  Adept x2  
  61  5:30  Probe  
  61  5:32  Assimilator  
  61  5:33  Pylon, Assimilator  
  62  5:37  Pylon  
  62  5:50  Probe  
  62  5:51  Probe  
  62  5:52  Gateway  
  66  5:57  Adept x2  
  66  5:58  Gateway  
Show
View Real Time Build Order
Export as new Build Order

Miszu Terran 

Build Orders: 1/1/1, Liberator Opening 

Get SALT Encoding   

  12  0:00  SCV  
  13  0:12  SCV  
  14  0:18  Supply Depot  
  14  0:25  SCV  
  15  0:39  SCV  
  16  0:43  Refinery  
  16  0:45  Barracks  
  16  0:51  SCV  
  16  0:54  Refinery  
  17  1:03  SCV  
  18  1:15  SCV  
  20  1:32  Factory  
  20  1:33  Orbital Command  
  20  1:36  Marine  
  20  1:47  Supply Depot  
  20  1:54  Marine  
  20  1:59  SCV  
  22  2:11  Marine  
  22  2:12  SCV  
  24  2:17  Starport  
  24  2:25  Hellion, SCV  
  27  2:31  Supply Depot  
  27  2:34  Marine  
  28  2:38  SCV  
  29  2:46  Hellion  
  31  2:52  SCV  
  31  2:54  Medivac  
  31  2:55  Marine  
  35  3:01  Supply Depot  
  35  3:04  SCV  
  36  3:10  Hellion, Liberator  
  38  3:13  Marine  
  39  3:24  Supply Depot  
  39  3:29  SCV  
  39  3:31  Barracks Reactor  
  43  3:41  Factory Tech Lab  
  43  3:45  SCV  
  43  4:02  SCV  
  37  4:06  Command Center  
  36  4:15  Marine x2, SCV  
  39  4:24  Cyclone  
  37  4:27  SCV  
  38  4:33  Marine x2  
  38  4:35  Barracks  
  40  4:39  SCV  
  41  4:46  Barracks  
  41  4:50  Starport Reactor  
  41  4:51  Marine x2, SCV  
  44  5:03  SCV  
  44  5:15  Marine, SCV  
  42  5:27  Marine, SCV  
  45  5:28  Siege Tank  
  45  5:33  Barracks Tech Lab x2  
  45  5:34  Marine  
  48  5:39  SCV  
  49  5:47  Marine  
  49  5:52  SCV  
Tags
 
Add a new tag
Caveats
  • Supply blocks, unpowered buildings, or Contaminate may cause inaccurate times.
  • Supply counts are checked every 10 seconds.